 Dungeon Crawl Stone Soup version 0.27.1-4-g1640c2035a (webtiles) character file.

Game seed: 11119689458626309262

50 Stomo444 the Skirmisher (level 3, -1/29 HPs)
             Began as a Demonspawn Monk on Nov 10, 2021.
             Slain by an adder (4 damage)
             ... on level 1 of the Dungeon.
             The game lasted 00:03:03 (2138 turns).

Stomo444 the Skirmisher (Demonspawn Monk)           Turns: 2138, Time: 00:03:04

Health: -1/29      AC:  2    Str: 12    XL:     3   Next: 55%
Magic:  3/3        EV: 13    Int: 11    God:
Gold:   57         SH:  5    Dex: 17    Spells: 2/2 levels left

rFire    . . .     SeeInvis .   f - +0 whip (vamp)
rCold    . . .     Faith    .   (no shield)
rNeg     . . .     Spirit   .   b - +0 robe
rPois    .         Reflect  +   (no helmet)
rElec    .         Harm     .   (no cloak)
rCorr    .         Rampage  .   (no gloves)
Will     .....                  (no boots)
Stlth    +++.......             c - amulet of reflection
HPRegen  0.09/turn              (no ring)
MPRegen  0.08/turn              (no ring)

@: lethally poisoned (-1 -> -2), weak-willed
A: claws 1, thin skeletal structure 1
a: no special abilities


You were on level 1 of the Dungeon.
You visited 1 branch of the dungeon, and saw 2 of its levels.

You collected 57 gold pieces.

Inventory:

Hand Weapons
 a - a +0 mace
 f - a +0 vampiric whip (weapon)
Armour
 b - a +0 robe (worn)
Jewellery
 c - an amulet of reflection (around neck)
Scrolls
 d - 3 scrolls of blinking
 g - a scroll of teleportation


   Skills:
 + Level 3.5 Fighting
 + Level 3.2 Maces & Flails
 + Level 3.2 Dodging
 - Level 1.7 Stealth


You had 2 spell levels left.
You didn't know any spells.
Your spell library was empty.

Dungeon Overview and Level Annotations

Branches:
Dungeon (2/15)

Altars:

Annotations:
D:2 Sigmund


Innate Abilities, Weirdness & Mutations

You have sharp fingernails.
You have a somewhat thin skeletal structure. (Dex +2, Stealth+)


Message History

You feel a shielding aura gather around you.
c - an amulet of reflection (around neck)
You miss the adder. You block the adder's attack.
You hit the adder.
You feel better.
The adder is lightly wounded.
You block the adder's attack.
You closely miss the adder.
The adder is lightly wounded.
The adder bites you.
* * * LOW HITPOINT WARNING * * *
You hit the adder.
You feel better.
The adder is moderately wounded.
You block the adder's attack. The adder barely misses you.
You hit the adder but do no damage.
The adder is moderately wounded.
The adder misses you.
Unknown command.
You hit the adder.
You feel better.
The adder is moderately wounded.
The adder barely misses you.
You barely miss the adder.
The adder is moderately wounded.
The adder bites you.
* * * LOW HITPOINT WARNING * * *
You completely miss the adder.
The adder is moderately wounded.
The adder closely misses you.
You completely miss the adder.
The adder is moderately wounded.
The adder bites you.
* * * LOW HITPOINT WARNING * * *
You are poisoned.
The adder poisons you! The adder barely misses you.
You barely miss the adder.
The adder is moderately wounded.
You feel sick. The adder misses you.
You hit the adder but do no damage.
The adder is moderately wounded.
You feel sick. The adder bites you.
You die...

##############.§≈≈8≈≈≈≈8≈≈.#..#.#
#........≈8≈≈§≈§≈8≈.#..#.#
#.######.≈≈≈≈≈§§≈≈≈....#.#
#.#....................#.#
#.#.#....##..............#
#.#.#....##.#######.#>.###
########.#.#....##.# #.##.#
.......#.#.###..S#.# #....#
######.#.#......@#.# ######
#.#.#####...#.#
#.#.#####...#.########
####'#.........#........#######
#.........######........##.....
#.........'.............##.####
#.........#######.......##.####
#.........# #÷......##.#(..
#.........# #.......##.'...


You could see an adder (weak-willed).

Vanquished Creatures
  2 adders (D:2)
  2 endoplasms
  2 giant cockroaches
  6 goblins (D:1)
  4 hobgoblins
  A quokka (D:1)
  2 ball pythons (D:1)
  4 bats
  3 frilled lizards (D:1)
  3 kobolds (D:1)
  A rat (D:1)
30 creatures vanquished.

Vanquished Creatures (others)
  2 plants (D:1)
2 creatures vanquished.

Grand Total: 32 creatures vanquished

Notes
Turn   | Place    | Note
-------+----------+-------------------------------------------
     0 | D:1      | Stomo444 the Demonspawn Monk began the quest for the Orb.
     0 | D:1      | Reached XP level 1. HP: 18/18 MP: 1/1
   524 | D:1      | Gained mutation: You have sharp fingernails. [demonic
                  | ancestry]
   524 | D:1      | Reached XP level 2. HP: 13/24 MP: 2/2
  1348 | D:2      | Noticed Sigmund
  1413 | D:2      | Gained mutation: You have a somewhat thin skeletal
                  | structure. (Dex +2, Stealth+) [demonic ancestry]
  1413 | D:2      | Reached XP level 3. HP: 23/29 MP: 3/3
  2121 | D:1      | Identified a scroll of acquirement
  2121 | D:1      | Acquired an amulet of reflection
  2138 | D:1      | Slain by an adder

Illustrated notes

Levels and vault maps discovered:
D:1:      lightli_arrival_boilingwater, layout_basic, serial_bayou_pond_a
D:2:      layout_rooms, basic_altar, lemuel_flame_loot_1, uniq_sigmund

Skill      XL: |  1  2 |
---------------+-------+-----
Maces & Flails | 3 |  3.2
Dodging        | 3 |  3.2
Fighting       | |  3.5
Stealth        | |  1.7

Action                   || total
-------------------------++-------
Melee: Mace              ||    21
       Whip              ||    93
  Use: Scroll            ||     5
       Potion            ||     1
 Stab: Sleeping          ||     3
       Distracted        ||     1
Armor: Robe              ||    20
Dodge: Dodged            ||    91
Block: Other             ||     3
